 Dungeon Crawl Stone Soup version 0.29-a0-330-g52719c12eb (webtiles) character file.

Game seed: 12438647440813899387

22554 DavidChitty2 the Cleaver (level 12, -3/110 HPs)
             Began as a Minotaur Fighter on May 4, 2022.
             Was the Champion of Okawaru.
             Slain by Snorg (5 damage)
             ... on level 3 of the Lair of Beasts.
             The game lasted 00:17:37 (12147 turns).

DavidChitty2 the Cleaver (Minotaur Fighter)        Turns: 12147, Time: 00:17:38

Health: -3/110     AC: 18    Str: 27    XL:     12   Next: 64%
Magic:  10/17      EV: 10    Int:  5    God:    Okawaru [******]
Gold:   672        SH:  8    Dex: 15    Spells: 11/11 levels left

rFire   + . .      SeeInvis +   a - +6 war axe "Tushrog" {drain, Will+}
rCold   + . .      Faith    .   c - +0 buckler
rNeg    . . .      Spirit   .   k - +0 plate armour {rPois}
rPois   +          Reflect  .   p - +1 hat of the New World {Will++ Regen+ rCorr Slay-2}
rElec   .          Harm     .   M - scarf {rC+ rF+}
rCorr   +          Rampage  .   (no gloves)
Will    +++..                   (no boots)
Stlth   ..........              (no amulet)
HPRegen 1.08/turn               C - +6 ring of dexterity
MPRegen 0.15/turn               z - ring of see invisible

@: heroic, finesse-ful
A: horns 2, retaliatory headbutt
a: Renounce Religion, Heroism, Finesse, Duel


You were on level 3 of the Lair of Beasts.
You worshipped Okawaru.
Okawaru was exalted by your worship.
You visited 3 branches of the dungeon, and saw 16 of its levels.
You also visited: Sewer.

You collected 971 gold pieces.
You spent 299 gold pieces at shops.

Inventory:

Hand Weapons
 a - the +6 war axe "Tushrog" (weapon) {drain, Will+}
   (You bought it in a shop on level 7 of the Dungeon)

   A truly terrible weapon, it drains the life of any living foe it strikes.
   Will:      It increases your willpower.
 b - the +4 hand crossbow "Qaguism" {vorpal, rF+ Will+ Str+2}
   (Okawaru gifted it to you on level 9 of the Dungeon)

   Any ammunition fired from it inflicts extra damage upon your enemies.
   Str:       It affects your strength (+2).
   rF:        It protects you from fire.
   Will:      It increases your willpower.
 w - a +1 war axe of flaming
 L - a +1 vorpal broad axe
   (Okawaru gifted it to you on level 10 of the Dungeon)
Missiles
 K - a throwing net {!f}
Armour
 c - a +0 buckler (worn)
 k - a +0 plate armour of poison resistance (worn)
   (You took it off an orc warrior on level 8 of the Dungeon)
 p - the +1 hat of the New World (worn) {Will++ Regen+ rCorr Slay-2}
   (You found it on level 5 of the Dungeon)

   Slay:      It affects your accuracy & damage with ranged weapons and melee
   (-2).
   Regen:     It increases your rate of health regeneration.
   rCorr:     It protects you from acid and corrosion.
   Will:      It greatly increases your willpower.
 M - a scarf of resistance (worn)
   (You found it on level 1 of the Lair of Beasts)
Jewellery
 m - a ring of resist corrosion
   (You found it on level 7 of the Dungeon)
 z - a ring of see invisible (right hand)
   (You found it on level 8 of the Dungeon)
 C - a +6 ring of dexterity (left hand)
   (You found it on level 8 of the Dungeon)
 F - a +4 ring of protection
   (You found it on level 9 of the Dungeon)
Wands
 d - a wand of iceblast (12)
   (You took it off an orc wizard on level 8 of the Dungeon)
 t - a wand of flame (41)
   (You found it on level 8 of the Dungeon)
 u - a wand of paralysis (22)
   (You found it on level 6 of the Dungeon)
 v - a wand of digging (14)
   (You found it in a sewer)
 x - a wand of acid (5)
   (You took it off a centaur on level 10 of the Dungeon)
 E - a wand of mindburst (24)
   (You found it on level 7 of the Dungeon)
Scrolls
 g - 3 scrolls of enchant weapon
 r - 7 scrolls of teleportation {@r4}
 y - 2 scrolls of fear
 B - 4 scrolls of fog
 J - a scroll of identify {@r1}
 N - a scroll of torment {!r}
Potions
 e - 9 potions of curing {@q1}
 f - 5 potions of resistance
 h - 3 potions of haste {@q3}
 i - 3 potions of brilliance
 j - 3 potions of lignification {!q}
 l - 4 potions of ambrosia {unknown}
 n - 2 potions of invisibility
 o - a potion of berserk rage {unknown}
 q - 4 potions of heal wounds {@q2}
 s - 2 potions of flight
 A - a potion of attraction {!q}
 D - 2 potions of might
 G - a potion of degeneration {unknown}
 H - a potion of cancellation
 I - 3 potions of magic


   Skills:
 + Level 11.0(16.0) Fighting
 * Level 14.6(19.6) Axes
 + Level 5.2(10.2) Crossbows
 + Level 11.0(16.0) Armour
 + Level 11.0(16.0) Shields
 - Level 8.0 Invocations


You had 11 spell levels left.
You didn't know any spells.
Your spell library contained the following spells:

 Spells                   Type           Power      Damage    Failure   Level
 Blink                    Tloc           0%         N/A       99%         2
 Static Discharge         Conj/Air       0%         N/A       99%         2
 Dazzling Flash           Conj/Hex       0%         N/A       100%        3
 Lesser Beckoning         Tloc           0%         N/A       100%        3
 Ozocubu's Armour         Ice            0%         N/A       100%        3
 Iskenderun's Mystic Bla  Conj/Tloc      0%         2d3       100%        4
 Passage of Golubria      Tloc           0%         N/A       100%        4
 Blade Hands              Tmut           0%         N/A       100%        5
 Irradiate                Conj/Tmut      0%         3d13      100%        5
 Lightning Bolt           Conj/Air       0%         1d11      100%        5
 Manifold Assault         Tloc           0%         N/A       100%        5
 Metabolic Englaciation   Hex/Ice        0%         N/A       100%        5
 Silence                  Hex/Air        0%         N/A       100%        5
 Conjure Ball Lightning   Conj/Air       0%         3x3d6     100%        6
 Starburst                Conj/Fire      0%         6d3       100%        6
 Dragon Form              Tmut           0%         N/A       100%        7
 Orb of Destruction       Conj           0%         9d5       100%        7
 Discord                  Hex            0%         N/A       100%        8
 Disjunction              Tloc           0%         N/A       100%        8
 Lehudib's Crystal Spear  Conj/Erth      0%         10d2      100%        8
 Maxwell's Capacitive Co  Air            0%         ∞         100%        8
 Summon Guardian Golem    Hex/Summ       Unusable   N/A       N/A         3
 Simulacrum               Ice/Necr       Unusable   N/A       N/A         6
 Spellforged Servitor     Conj/Summ      Unusable   N/A       N/A         7

Dungeon Overview and Level Annotations

Branches:
Dungeon (12/15)            Temple (1/1) D:4            Lair (3/6) D:8
  Snake (0/4) Lair:2          Orc (0/2) D:10          Sewer (visited)
  Swamp: Lair:2-4    Shoals: Lair:2-4

Altars:
Ashenzari
Cheibriados
Dithmenos
Elyvilon
Fedhas
Gozag
Hepliaklqana
Kikubaaqudgha
Makhleb
Nemelex Xobeh
Okawaru
Qazlal
Ru
Sif Muna
Trog
Uskayaw
Vehumet
Wu Jian
Xom
Yredelemnul
Zin
The Shining One

Shops:
D:7 [[*(

Annotations:
D:5 3 runed translucent doors, QuickerDeath's ghost, amateur DrTm; kae's ghost, novice DgFE
D:12 Jorgrun
Lair:3 Snorg


Innate Abilities, Weirdness & Mutations

You have a pair of horns on your head.
You reflexively headbutt those who attack you in melee.


Message History

You hit Snorg. You headbutt Snorg! You block Snorg's attack.
Snorg claws you but does no damage. Snorg barely misses you.
A steam dragon comes into view.
The steam dragon hisses angrily.
You slice Snorg!! You drain Snorg. You closely miss the bullfrog.
The bullfrog hits you. Snorg bites you but does no damage.
You block Snorg's attack. x2
The bullfrog hits you but does no damage.
You slash Snorg! Your headbutt misses Snorg. You hit the bullfrog.
You drain the bullfrog. Snorg bites you! Snorg claws you.
* * * LOW HITPOINT WARNING * * *
Snorg claws you!
* * * LOW HITPOINT WARNING * * *
You block the bullfrog's attack.
You gain the combat prowess of a mighty hero.
Snorg bites you!
* * * LOW HITPOINT WARNING * * *
Snorg claws you but does no damage. x2
The bullfrog hits you but does no damage.
You block Snorg's attack. Snorg claws you!
* * * LOW HITPOINT WARNING * * *
Snorg claws you!
* * * LOW HITPOINT WARNING * * *
You can now deal lightning-fast blows.
The bullfrog barely misses you. The steam dragon breathes steam at you.
The ball of steam misses you. You block Snorg's attack. Snorg claws you.
* * * LOW HITPOINT WARNING * * *
Snorg claws you!
* * * LOW HITPOINT WARNING * * *
The bullfrog hits you but does no damage.
You hear an angry hiss.
You feel much better. Snorg bites you but does no damage. Snorg claws you!
* * * LOW HITPOINT WARNING * * *
You block Snorg's attack.
The bullfrog is engulfed in a cloud of scalding steam.
The bullfrog misses you. Snorg barely misses you.
Snorg claws you but does no damage. Snorg claws you!
* * * LOW HITPOINT WARNING * * *
You slash Snorg! You closely miss the bullfrog.
The bullfrog is engulfed in a cloud of scalding steam.
The bullfrog hits you but does no damage.
You closely miss Snorg. You slash the bullfrog!
You kill the bullfrog!
Okawaru accepts your kill.
Snorg is engulfed in a cloud of scalding steam.
Snorg bites you but does no damage. Snorg claws you but does no damage. x2
You slash Snorg! You barely miss Snorg. You block Snorg's attack.
Snorg claws you.
You die...

##.......
#........
##..$.....
#....§.D..
#...§§§§..
##..§.D§.§.
#..<§...§..
##.§§.§....
##@§......
#§T......
##.......
#......
......
#.....
#.... ##..


You could see Snorg (berserk, drained) and a steam dragon.

Vanquished Creatures
  Josephine (D:11)
  A boulder beetle (D:11)
  Erica (D:9)
  A centaur warrior (D:9)
  Pikel (D:9)
  A deep elf pyromancer (D:9)
  An ugly thing (D:11)
  3 black mambas
  A torpor snail (Lair:2)
  5 elephants (Lair:2)
  5 cane toads
  Psyche (D:9)
  An unseen horror (D:11)
  3 komodo dragons (Lair:2)
  4 rime drakes (Lair:2)
  Grinder (D:3)
  A vampire (D:9)
  A shadow (D:11)
  A wyvern (D:9)
  5 wraiths (D:11)
  2 basilisks
  Eustachio (D:4)
  A steam dragon (D:9)
  28 yaks
  Menkaure (D:4)
  4 wargs (D:10)
  2 water moccasins (Lair:1)
  Duvessa (D:4)
  Pargi (Sewer)
  2 ice beasts
  2 sky beasts (D:6)
  3 black bears
  4 orc warriors
  3 ogres
  12 wolves (Lair:2)
  3 centaurs
  3 lemures (D:9)
  Blork the orc (D:5)
  12 bullfrogs
  A gnoll sergeant (D:6)
  A necrophage (D:6)
  6 scorpions
  5 wights (D:8)
  Dowan (D:4)
  3 killer bees (D:10)
  8 howler monkeys
  5 jellies
  2 hounds
  4 orc priests (D:8)
  5 iguanas
  13 orc wizards
  4 gnolls
  8 adders
  A shadow imp (D:7)
  3 white imps
  2 ufetubi (D:6)
  4 worms
  2 dart slugs
  21 orcs
  6 ball pythons
  4 endoplasms
  3 giant cockroaches (D:1)
  13 goblins
  7 hobgoblins
  3 jackals
  11 kobolds
  6 quokkas
  2 bats
  A frilled lizard (D:1)
  5 rats
285 creatures vanquished.

Vanquished Creatures (others)
  2 orcs (D:9)
  8 fungi
  18 plants
  6 withered plants (D:5)
34 creatures vanquished.

Grand Total: 319 creatures vanquished

Notes
Turn   | Place    | Note
-------+----------+-------------------------------------------
     0 | D:1      | DavidChitty2 the Minotaur Fighter began the quest for the
                  | Orb.
     0 | D:1      | Reached XP level 1. HP: 19/19 MP: 0/0
   149 | D:1      | Reached XP level 2. HP: 26/27 MP: 1/1
   205 | D:1      | Reached skill level 3 in Axes
   653 | D:1      | Reached XP level 3. HP: 31/33 MP: 2/2
   834 | D:2      | Found a faded altar of an unknown god.
  1353 | D:2      | Reached XP level 4. HP: 29/40 MP: 3/3
  1918 | D:3      | Found a glowing drain.
  1929 | D:3      | Reached skill level 4 in Axes
  1938 | Sewer    | Entered a sewer
  2013 | Sewer    | Noticed Pargi
  2025 | Sewer    | Killed Pargi
  2026 | Sewer    | Reached XP level 5. HP: 40/47 MP: 4/4
  2694 | D:4      | Found a staircase to the Ecumenical Temple.
  2706 | Temple   | Entered the Ecumenical Temple
  2966 | Temple   | Became a worshipper of Warmaster Okawaru
  3064 | D:4      | Noticed an ogre
  3069 | D:4      | Reached skill level 5 in Axes
  3075 | D:4      | Killed an ogre
  3076 | D:4      | Reached skill level 5 in Fighting
  3076 | D:4      | Reached skill level 5 in Shields
  3076 | D:4      | Reached XP level 6. HP: 42/56 MP: 5/5
  3221 | D:4      | Noticed Grinder
  3236 | D:3      | Killed Grinder
  3236 | D:3      | Reached * piety under Okawaru
  3237 | D:3      | Reached skill level 5 in Armour
  3237 | D:3      | Reached skill level 1 in Invocations
  3237 | D:3      | Reached XP level 7. HP: 21/61 MP: 5/7
  3502 | D:4      | Noticed Menkaure
  3508 | D:4      | Killed Menkaure
  3509 | D:4      | Reached skill level 6 in Axes
  3518 | D:4      | Reached ** piety under Okawaru
  3830 | D:4      | Noticed Eustachio
  3837 | D:4      | Killed Eustachio
  3906 | D:4      | Reached skill level 7 in Axes
  3906 | D:4      | Reached XP level 8. HP: 68/70 MP: 8/8
  4057 | D:4      | Noticed Duvessa
  4057 | D:4      | Noticed Dowan
  4061 | D:4      | Killed Duvessa
  4076 | D:4      | Killed Dowan
  4503 | D:5      | Entered Level 5 of the Dungeon
  4609 | D:5      | Identified the +1 hat of the New World {Will++ Regen+ rCorr
                  | Slay-2}
  5053 | D:5      | Found a runed translucent gate.
  5053 | D:5      | Found a runed translucent gate.
  5053 | D:5      | Found a runed translucent gate.
  5053 | D:5      | Noticed QuickerDeath's ghost (amateur DrTm)
  5053 | D:5      | Noticed kae's ghost (novice DgFE)
  5056 | D:5      | Noticed Blork the orc
  5067 | D:5      | Killed Blork the orc
  5153 | D:5      | Reached skill level 8 in Axes
  5377 | D:6      | Reached *** piety under Okawaru
  5484 | D:6      | Reached XP level 9. HP: 78/78 MP: 10/10
  5721 | D:6      | Reached skill level 9 in Axes
  5950 | D:7      | Found Fikkeowk's Antique Weapon Emporium.
  5994 | D:7      | Found Ysuraok's General Store.
  6003 | D:7      | Bought a scroll of identify for 22 gold pieces
  6003 | D:7      | Bought a scroll of identify for 22 gold pieces
  6020 | D:7      | Bought a brightly glowing war axe for 255 gold pieces
  6020 | D:7      | Identified the +6 war axe "Tushrog" {drain, Will+} (You
                  | bought it in a shop on level 7 of the Dungeon)
  6118 | D:7      | Reached **** piety under Okawaru
  6183 | D:7      | Found Pogaiczu's Armour Emporium.
  6399 | D:7      | Found Taadwagi's Antique Armour Shop.
  6518 | D:8      | Reached skill level 10 in Axes
  6635 | D:8      | Reached skill level 5 in Invocations
  6839 | D:8      | Reached XP level 10. HP: 85/88 MP: 12/12
  6861 | D:8      | Reached ***** piety under Okawaru
  6956 | D:8      | Found a staircase to the Lair.
  7253 | D:9      | Reached skill level 11 in Axes
  7372 | D:9      | Noticed a centaur warrior
  7384 | D:9      | Noticed Psyche
  7385 | D:9      | Noticed Erica
  7387 | D:9      | Killed a centaur warrior
  7394 | D:9      | Killed Erica
  7395 | D:9      | Killed Psyche
  7396 | D:9      | Reached skill level 12 in Axes
  7580 | D:9      | Noticed a deep elf pyromancer
  7582 | D:9      | Noticed Pikel
  7588 | D:9      | Killed a deep elf pyromancer
  7588 | D:9      | Identified the +4 hand crossbow "Qaguism" {vorpal, rF+
                  | Will+ Str+2} (Okawaru gifted it to you on level 9 of the
                  | Dungeon)
  7588 | D:9      | Received a gift from Okawaru
  7589 | D:9      | Reached XP level 11. HP: 82/97 MP: 6/14
  7594 | D:9      | Killed Pikel
  8396 | D:10     | Entered Level 10 of the Dungeon
  8568 | D:10     | Reached skill level 1 in Crossbows
  8628 | D:10     | Found a staircase to the Orcish Mines.
  8742 | D:10     | Reached ****** piety under Okawaru
  8750 | D:10     | Received a gift from Okawaru
  8755 | D:10     | Reached skill level 13 in Axes
  8848 | D:10     | Found a glowing golden altar of the Shining One.
  9015 | D:11     | Noticed a green ugly thing
  9023 | D:11     | Killed a green ugly thing
  9414 | D:11     | Noticed a boulder beetle
  9426 | D:11     | Killed a boulder beetle
  9427 | D:11     | Reached skill level 10 in Fighting
  9427 | D:11     | Reached skill level 10 in Armour
  9427 | D:11     | Reached skill level 10 in Shields
  9555 | D:11     | Found an ornate altar of the Wu Jian Council.
  9692 | D:11     | Noticed Josephine
  9709 | D:11     | Killed Josephine
  9911 | D:12     | Noticed Jorgrun
 10000 | Lair:1   | Entered Level 1 of the Lair of Beasts
 10133 | Lair:1   | Reached XP level 12. HP: 104/106 MP: 16/16
 11133 | Lair:2   | Identified the +1 scale mail of the Komodo Dragon {rF-
                  | Int+9 SInv} (Okawaru gifted it to you on level 2 of the
                  | Lair of Beasts)
 11133 | Lair:2   | Received a gift from Okawaru
 11163 | Lair:2   | Reached skill level 14 in Axes
 11282 | Lair:2   | Found the +4 skin of Zhor {*Englaciate rC+++ SInv}
 11418 | Lair:2   | Reached skill level 5 in Crossbows
 11541 | Lair:2   | Found a staircase to the Snake Pit.
 12132 | Lair:3   | Noticed Snorg
 12143 | Lair:3   | HP: 1/110 [Snorg (12)]
 12147 | Lair:3   | Slain by Snorg

Illustrated notes

Levels and vault maps discovered:
D:1:      minmay_arrival_glassed_features, layout_loops_ring
D:2:      layout_loops_ring, hellmonk_ecumenical_altar_lost_god
D:3:      layout_loops_ring, cheibrodos_sewer_entry_drain
D:4:      layout_basic, temple_doors_e, serial_bayou, serial_bayou_lake_a,
          serial_bayou_pond_b, serial_bayou_crossing, serial_bayou_ford_a,
          minmay_vboxes, uniq_eustachio, uniq_menkaure, uniq_grinder,
          uniq_duvessa
D:5:      layout_basic, gammafunk_ghost_cemetery, uniq_blork_the_orc
D:6:      layout_rooms
D:7:      layout_cave_pools, serial_shops, nicolae_shop_trees, shop,
          nicolae_shop_stone, nicolae_shop_advertising_works
          [nicolae_subvault_shop_adworks]
D:8:      layout_basic, grunt_lair_entry_orc_guard_hut
D:9:      layout_gridville, minivault_24, hangedman_decor_push,
          eino_small_chamber_without_monster, uniq_pikel, uniq_psyche,
          uniq_erica
D:10:     layout_roguey, lemuel_coloured_pillars_altar,
          minmay_orc_entry_guard_dogs
D:11:     layout_irregular_city, nicolae_wu_jian_immortal_techniques,
          uniq_josephine
D:12:     cheibrodos_lost_city_excavation, layout_basic, special_room
          [special_room_orc], uniq_kirke, uniq_jorgrun
Temple:   nicolae_temple_the_god_donut
Lair:1:   layout_concentric_octagons
Lair:2:   layout_regular_city, dummy_snake_entry, hellmonk_guarded_unrand_zhor
Lair:3:   layout_cave_pods, swamp_mist, uniq_snorg

Skill      XL: |  1  2  3  4  5  6  7  8  9 10 11 12 |
---------------+-------------------------------------+-----
Axes           | 3 4 5 7 8 10 12 13 14 | 14.6
Fighting       | 4 5 6 8 9 10 11 | 11.0
Shields        | 4 5 6 8 9 10 11 | 11.0
Armour         | 4 5 6 8 9 10 11 | 11.0
Invocations    | 1 2 3 5 6 7 8 |  8.0
Crossbows      | 3 5 |  5.2

Action                   |  1- 3 |  4- 6 |  7- 9 | 10-12 || total
-------------------------+-------+-------+-------+-------++-------
Melee: War axe           |   100 |    79 |   256 |   339 ||   774
       Headbutt          |    11 |    11 |    44 |    76 ||   142
 Fire: Hand crossbow     |       |       |       |    92 ||    92
Invok: Heroism           |       |       |       |     3 ||     3
       Finesse           |       |       |       |     3 ||     3
  Use: Scroll            |       |     7 |    10 |     6 ||    23
       Potion            |       |     1 |       |     1 ||     2
Armor: Scale mail        |    58 |     7 |       |       ||    65
       Plate armour      |       |    21 |   224 |   222 ||   467
Dodge: Dodged            |    28 |    29 |    85 |   133 ||   275
Block: Buckler           |    25 |    13 |    67 |   146 ||   251

Table legend: (Time is in decaauts)
 A = Elapsed time spent in this place.
 B = Non-inter-level travel time spent in this place.
 C = Inter-level travel time spent in this place.
 D = Time resting spent in this place.
 E = Time spent auto-exploring this place.
 F = Levels seen in this place.
 G = Mean time per level.
                   A        B        C        D        E       F      G
               +--------+--------+--------+--------+--------+-----+--------+
         Total |  12333 |  11348 |    985 |   1089 |   7990 |  17 |  725.5 |
       Dungeon |   9738 |   8942 |    796 |    845 |   6286 |  12 |  811.5 |
        Temple |    282 |    239 |     43 |      0 |    220 |   1 |  282.0 |
          Lair |   2134 |   1989 |    145 |    244 |   1373 |   3 |  711.3 |
         Sewer |    177 |    177 |      0 |      0 |    110 |   1 |  177.0 |
               +--------+--------+--------+--------+--------+-----+--------+

Top non-repeatable levels by time:
     D:4: 1393 daAuts
     D:9: 1187 daAuts
  Lair:2: 1107 daAuts
     D:3: 1047 daAuts
    D:11: 897 daAuts
     D:1: 885 daAuts
     D:5: 874 daAuts
     D:2: 845 daAuts
     D:8: 840 daAuts
  Lair:1: 754 daAuts
    D:10: 628 daAuts
     D:6: 601 daAuts
     D:7: 536 daAuts
  Temple: 282 daAuts
  Lair:3: 271 daAuts
